 Dungeon Crawl Stone Soup version 0.31-a0-672-g7da72447bb (webtiles) character file.

Game seed: 5667607058460839562

44 Xavori the Trooper (level 3, -3/23 (26) HPs)
             Began as an Octopode Chaos Knight on Sept 4, 2023.
             Was a Plaything of Xom.
             Slain by a faun (glowing shapeshifter) (15 damage)
             ... on level 2 of the Dungeon.
             The game lasted 00:01:23 (9879 turns).

Xavori the Trooper (Octopode Chaos Knight)          Turns: 9879, Time: 00:01:24

HP:   -3/23 (26)    AC:  1    Str: 11    XL:     3   Next: 62%
MP:   3/3           EV: 13    Int: 14    God:    Xom [...*..]
Gold: 96            SH:  0    Dex: 13    Spells: 2/2 levels left

rFire   . . .        a - +0 short sword (chaos)
rCold   + . .        (no shield)
rNeg    . . .        (helmet restricted)
rPois   .            (no amulet)
rElec   .            (no ring)
rCorr   .            (no ring)
SInv    .            (no ring)
Will    +....        (no ring)
Stlth   +++          (no ring)
HPRegen 0.23/turn    (no ring)
MPRegen 0.08/turn    (no ring)
                     (no ring)

%: no passive effects
@: mighty, enlightened, flying, heavily drained, invisible
A: almost no armour, amphibious, 8 rings, camouflage 1, gelatinous body 1,
(nimble swimmer 1), tentacles, cold resistance 1
a: Renounce Religion


You were on level 2 of the Dungeon.
You worshipped Xom.
You were a favourite toy of Xom.
You visited 1 branch of the dungeon, and saw 2 of its levels.

You collected 96 gold pieces.

Inventory:

Hand Weapons
 a - a +0 short sword of chaos (weapon)
Scrolls
 b - a scroll of butterflies
 c - a scroll of fear {unknown}
 d - 7 scrolls of identify {unknown}
 g - a scroll of teleportation {unknown}
 k - a scroll of silence {unknown}
 m - a scroll of immolation {unknown}
 n - a scroll of enchant weapon {unknown}
Potions
 e - a potion of heal wounds {unknown}
 f - a potion of enlightenment
 h - a potion of invisibility
 i - a potion of magic {unknown}
 j - a potion of attraction {unknown}


   Skills:
 + Level 3.6 Fighting
 + Level 3.4 Short Blades
 + Level 2.8 Dodging
 + Level 1.4 Stealth


You had 2 spell levels left.
You didn't know any spells.
Your spell library was empty.

Dungeon Overview and Level Annotations

Branches:
Dungeon (2/15)

Altars:
Xom


Innate Abilities, Weirdness & Mutations

You cannot wear most types of armour.
You are amphibious.
You can wear up to eight rings at the same time.
Your skin changes colour to match your surroundings (Stealth+).
Your rubbery body absorbs attacks. (AC +1, EV +1)
((You are camouflaged when in or above water. (Stealth+)))
You have tentacles for arms and can constrict up to eight enemies at once.
Your flesh is cold resistant. (rC+)


Message History

You aren't carrying any items that you can evoke.
Unknown command.
The ettin shouts in stereo!
The ettin changes into a goliath frog!
It was a potion of enlightenment.
You feel very buoyant.
You fly up into the air.
Xom thinks this is hilarious!
The goliath frog changes into an anaconda!
It was a potion of invisibility.
You fade into invisibility!
Xom complains about the scenery.
You are now a favourite toy of Xom.
The anaconda changes into a skyshark!
It was a potion of mutation.
You feel extremely strange.
You feel weaker.
You feel agile.
You feel resistant to cold.
It was a potion of might.
You feel very mighty all of a sudden.
Xom roars with laughter!
The skyshark changes into a mana viper!
The mana viper changes into a faun!
You hit the faun.
The faun is poisoned.
Your grab misses the faun.
The faun is lightly wounded.
The faun hits you!
Ouch! That really hurt!
You closely miss the faun. Your grab misses the faun.
The faun is lightly wounded.
Unknown command.
You hit the faun.
Space warps around the faun.
Your grab misses the faun.
The faun is lightly wounded.
The faun barely misses you.
You hit the faun.
The faun looks as sick as possible!
You grab the faun. You squeeze the faun!
The faun is heavily wounded.
You constrict the faun.
The faun struggles to escape constriction.
You hit the faun. You squeeze the faun.
The faun is severely wounded.
You constrict the faun. The faun hits you!
Ouch! That really hurt!
You die...

###..~..####.## ##...##
#..#######. ##.## ##.#.......
#..#######...## #.###.........#..
#..###.....F....# ##.#
#.#######..... #.###.#####.......
#...@..........#.# .#
###..c...####..#.##..
#############...#.##.............
.....##.......)...####.#......#..
........._...............# ..###.
................#####....##...#..
..............#.# #.##...#.....
..............#.#####.####...# #
.(............#..#....# #...# ##


You could see a faun shaped shifter (unable to see you, extremely poisoned).

Vanquished Creatures
  A river rat (D:2)
  A dart slug (D:1)
  3 ball pythons (D:1)
  2 giant cockroaches
  3 goblins (D:1)
  4 hobgoblins
  9 jackals (D:1)
  2 bats (D:1)
  4 kobolds (D:1)
29 creatures vanquished.

Notes
Turn   | Place    | Note
-------+----------+-------------------------------------------
     0 | D:1      | Xavori the Octopode Chaos Knight began the quest for the
                  | Orb.
     0 | D:1      | Reached XP level 1. HP: 16/16 MP: 1/1
   225 | D:1      | Reached XP level 2. HP: 21/21 MP: 2/2
   336 | D:1      | XOM: silly message
   639 | D:1      | Reached XP level 3. HP: 13/26 MP: 3/3
   831 | D:1      | XOM: 4-stop teleportation journey
  1013 | D:1      | XOM: silly message
  2040 | D:1      | XOM: silly message
  2168 | D:1      | XOM: noise
  2792 | D:1      | XOM: give mutation
  2792 | D:1      | Gained mutation: You possess an exceptional clarity of
                  | mind. [Xom's grace]
  3190 | D:1      | XOM: cloud trail
  4030 | D:1      | XOM: god gift: 54 gold pieces
  4386 | D:1      | XOM is BORED!
  4854 | D:1      | XOM: god gift: 2 atropa-tipped darts
  5688 | D:1      | XOM: silly message
  5732 | D:1      | XOM: silly message
  6187 | D:1      | XOM: noise
  6740 | D:1      | XOM: divination: detect items
  6766 | D:1      | XOM: cloud trail
  7962 | D:1      | XOM: give mutations
  7962 | D:1      | Lost mutation: You possess an exceptional clarity of mind.
                  | [Xom's mischief]
  7962 | D:1      | Gained mutation: Your muscles are strong. (Str +4, Int/Dex
                  | -1) [Xom's mischief]
  7962 | D:1      | Gained mutation: You are clumsy. (Dex -2) [Xom's mischief]
  8663 | D:1      | XOM: summons 2 hostile demons
  9314 | D:1      | XOM: summons 2 hostile demons
  9315 | D:1      | Noticed an orange demon
  9559 | D:1      | XOM is BORED!
  9559 | D:1      | XOM: draining
  9711 | D:2      | XOM: polymorph rat -> river rat
  9719 | D:2      | Reached skill level 1 in Stealth
  9751 | D:2      | XOM: 4-stop teleportation journey
  9858 | D:2      | a worm changed into a glowing shapeshifter
  9858 | D:2      | Noticed a glowing shapeshifter (glowing shapeshifter)
  9858 | D:2      | XOM: polymorph worm -> glowing shapeshifter
  9858 | D:2      | a glowing shapeshifter changed into an ettin
  9858 | D:2      | Noticed an ettin (glowing shapeshifter)
  9861 | D:2      | an ettin changed into a goliath frog
  9861 | D:2      | Noticed a goliath frog (glowing shapeshifter)
  9868 | D:2      | a goliath frog changed into an anaconda
  9868 | D:2      | Noticed an anaconda (glowing shapeshifter)
  9869 | D:2      | XOM: scenery: create altars
  9869 | D:2      | an anaconda changed into a skyshark
  9869 | D:2      | Noticed a skyshark (glowing shapeshifter)
  9870 | D:2      | Lost mutation: Your muscles are strong. (Str +4, Int/Dex
                  | -1) [potion of mutation]
  9870 | D:2      | Lost mutation: You are clumsy. (Dex -2) [potion of
                  | mutation]
  9870 | D:2      | Gained mutation: Your flesh is cold resistant. (rC+)
                  | [potion of mutation]
  9873 | D:2      | a skyshark changed into a mana viper
  9873 | D:2      | Noticed a mana viper (glowing shapeshifter)
  9874 | D:2      | a mana viper changed into a faun
  9874 | D:2      | Noticed a faun (glowing shapeshifter)
  9879 | D:2      | Slain by a faun (glowing shapeshifter)

Illustrated notes

Levels and vault maps discovered:
D:1:      saegor_arrival_simple_a, layout_loops_corners, serial_bayou_pond_e,
          supply_closet_lemuel, skrybe_limestone_x
D:2:      minmay_alternating_diamond, layout_rooms,
          corexii_item_surrounded_by_moat, amcnicky_mini_pool_small

Skill      XL: |  1  2  3 |
---------------+----------+-----
Stealth        | 1 |  1.4
Fighting       | |  3.6
Short Blades   | |  3.4
Dodging        | |  2.8

Action                     || total
---------------------------++-------
  Melee: Short sword       ||    69
         Tentacles         ||    15
         Constrict         ||    14
         Punch             ||     1
    Use: Potion            ||     4
   Stab: Sleeping          ||     5
 Armour: Skin              ||    24
  Dodge: Dodged            ||    32

Table legend: (Time is in decaauts)
 A = Elapsed time spent in this place.
 B = Non-inter-level travel time spent in this place.
 C = Inter-level travel time spent in this place.
 D = Time resting spent in this place.
 E = Time spent auto-exploring this place.
 F = Levels seen in this place.
 G = Mean time per level.
                   A        B        C        D        E       F      G
               +--------+--------+--------+--------+--------+-----+--------+
         Total |   9870 |   9835 |     35 |   8640 |   1010 |   2 | 4935.0 |
       Dungeon |   9870 |   9835 |     35 |   8640 |   1010 |   2 | 4935.0 |
               +--------+--------+--------+--------+--------+-----+--------+

Top non-repeatable levels by time:
     D:1: 9321 daAuts
     D:2: 549 daAuts
